 Dungeon Crawl Stone Soup version 0.27.0-1-g7a089689b8 (webtiles) character file.

Game seed: 18110316334138502450

88480 RepoMan the Zephyrmancer (level 15, -9/115 HPs)
             Began as a Vine Stalker Air Elementalist on Aug 8, 2021.
             Was an Elder of Sif Muna.
             Mangled by a death knight (11 damage)
             ... on level 13 of the Dungeon.
             The game lasted 04:24:49 (26564 turns).

RepoMan the Zephyrmancer (VSAE)                    Turns: 26564, Time: 04:24:52

Health: -9/115     AC: 27    Str:  8    XL:     15   Next: 94%
Magic:  0/31       EV:  2    Int: 30    God:    Sif Muna [****..]
Gold:   1148       SH:  6    Dex: 19    Spells: 3/37 levels left

rFire    + . .     SeeInvis +   H - +5 long sword
rCold    + + .     Faith    .   o - +0 buckler
rNeg     + + +     Spirit   +   (armour currently unavailable)
rPois    +         Reflect  .   (helmet currently unavailable)
rElec    .         Harm     .   (cloak currently unavailable)
rCorr    .         Rampage  .   (gloves currently unavailable)
Will     .....     NoTele   +   (boots currently unavailable)
Stlth    ++........             E - amulet of magic regeneration
HPRegen  1.29/turn              V - ring of Yesterday {Drain rF+ rC++ Int+4 SInv}
MPRegen  0.47/turn              B - ring "Quako" {Int+6 Dex+2}

@: tree-form, weak-willed, channeling, on berserk cooldown, slowed, very slow
A: stationary, stasis, torment immunity, boosted hp, (fangs 3), regeneration 1,
magic shield, (antimagic bite), no potion heal 2, (camouflage 1), weak 1,
MP-powered wands
a: Renounce Religion, Channel Magic, Forget Spell, Divine Exegesis


You were on level 13 of the Dungeon.
You worshipped Sif Muna.
Sif Muna was greatly pleased with you.
You were a tree.
You visited 5 branches of the dungeon, and saw 23 of its levels.
You also visited: Sewer.

You collected 2838 gold pieces.
You spent 1690 gold pieces at shops.

Inventory:

Hand Weapons
 H - a +5 long sword (weapon)
Armour
 e - a +0 pair of boots (melded)
 o - a +0 buckler (worn)
 p - a scarf of resistance (melded)
 r - a +1 hat (melded)
 K - a +2 pair of gloves (melded)
 S - +0 acid dragon scales
 T - the +2 leather armour "Ruexkueg" (melded) {Regen+ Int+4}
   (You bought it in a shop on level 4 of the Dungeon)

   Int:       It affects your intelligence (+4).
   Regen:     It increases your rate of health regeneration.
 U - a +2 ring mail of poison resistance
Magical Staves
 i - a staff of cold
Jewellery
 f - an amulet of reflection
 s - a ring of protection from cold
 y - a ring of resist corrosion
 B - the ring "Quako" (right branch) {Int+6 Dex+2}
   (You found it on level 7 of the Dungeon)

   [ring of intelligence]

   Int:       It affects your intelligence (+6).
   Dex:       It affects your dexterity (+2).
 E - an amulet of magic regeneration (around neck)
 V - the ring of Yesterday (left branch) {Drain rF+ rC++ Int+4 SInv}
   (You acquired it on level 2 of the Orcish Mines)

   [ring of see invisible]

   Int:       It affects your intelligence (+4).
   rF:        It protects you from fire.
   rC:        It greatly protects you from cold.
   SInv:      It lets you see invisible.
   Drain:     It drains your maximum health when unequipped.
Wands
 g - a wand of paralysis (12)
 t - a wand of flame (19)
 w - a wand of iceblast (28)
 G - a wand of charming (2)
 M - a wand of polymorph (4)
Scrolls
 a - 3 scrolls of torment {unknown}
 b - 8 scrolls of teleportation
 c - a scroll of brand weapon
 d - a scroll of enchant weapon
 h - 3 scrolls of enchant armour
 m - 2 scrolls of silence
 v - 3 scrolls of magic mapping
 z - 2 scrolls of fog
 C - a scroll of identify
 J - 2 scrolls of immolation
 L - a scroll of holy word
 O - 3 scrolls of amnesia
 Q - 3 scrolls of vulnerability
Potions
 k - a potion of mutation
 l - 3 potions of flight
 n - a potion of resistance
 u - 2 potions of cancellation
 x - 2 potions of haste
 A - 4 potions of attraction
 D - 3 potions of ambrosia
 F - a potion of berserk rage
 N - a potion of might
 P - 3 potions of brilliance
 R - 5 potions of curing


   Skills:
 + Level 7.6 Fighting
 + Level 7.2 Dodging
 - Level 2.4 Stealth
 - Level 4.0 Shields
 + Level 11.7 Spellcasting
 + Level 11.5 Conjurations
 - Level 2.3 Translocations
 * Level 14.9 Air Magic
 + Level 11.7 Invocations


You had 3 spell levels left.
You knew the following spells:

 Your Spells              Type           Power      Damage    Failure   Level
a - Airstrike             Air            41%        N/A       1%          4
c - Mephitic Cloud        Conj/Pois/Air  63%        N/A       1%          3
d - Static Discharge      Conj/Air       77%        N/A       1%          2
f - Freezing Cloud        Conj/Ice/Air   31%        6-21      2%          5
g - Apportation           Tloc           62%        N/A       1%          1
l - Lightning Bolt        Conj/Air       38%        1d57      1%          5
r - Searing Ray           Conj           100%       3d7       1%          2
s - Swiftness             Air            82%        N/A       1%          3
v - Poisonous Vapours     Pois/Air       100%       N/A       1%          2
z - Shock                 Conj/Air       100%       1d9       0%          1
B - Conjure Ball Lightni  Conj/Air       38%        3x3d12    1%          6

Your spell library contained the following spells:

 Spells                   Type           Power      Damage    Failure   Level
 Magic Dart               Conj           100%       1d8       1%          1
 Ensorcelled Hibernation  Hex/Ice        34%        N/A       4%          2
 Portal Projectile        Hex/Tloc       48%        N/A       5%          3
 Ozocubu's Armour         Ice            17%        N/A       9%          3
 Spider Form              Tmut/Pois      8%         N/A       9%          3
 Fulminant Prism          Conj/Hex       25%        3d14      2%          4
 Silence                  Hex/Air        29%        N/A       3%          5
 Bolt of Magma            Conj/Fire/Erth 20%        4d10      17%         5
 Iron Shot                Conj/Erth      25%        9d5       38%         6
 Starburst                Conj/Fire      25%        8x6d8     38%         6
 Maxwell's Capacitive Co  Air            41%        ∞         38%         8
 Alistair's Intoxication  Tmut/Pois      11%        N/A       63%         5
 Invisibility             Hex            8%         N/A       99%         6
 Shadow Creatures         Summ           N/A        N/A       99%         6
 Ozocubu's Refrigeration  Ice            8%         4d6       100%        7
 Chain Lightning          Conj/Air       38%        3d51      100%        9


Dungeon Overview and Level Annotations

Branches:
Dungeon (13/15)            Temple (1/1) D:4            Lair (6/6) D:9
  Swamp (0/4) Lair:3        Snake (1/4) Lair:2          Orc (2/2) D:11
    Elf (0/3) Orc:2        Vaults (0/5) D:13          Sewer (visited)
  Slime: Lair:5-6

Altars:
Ashenzari
Cheibriados
Dithmenos
Elyvilon
Fedhas
Gozag
Hepliaklqana
Kikubaaqudgha
Makhleb
Nemelex Xobeh
Okawaru
Qazlal
Ru
Sif Muna
Trog
Uskayaw
Vehumet
Wu Jian
Xom
Yredelemnul
Zin
The Shining One
Beogh

Shops:
D:3 =   D:4 ??[[*   D:7 [   Orc:2 ?*:[(

Portals:
Pandemonium: Orc:2

Annotations:
Lair:1 exclusion: 2 oklob plants
Lair:2 exclusion: oklob plant
Orc:2 2 transporters, RepoMan's ghost, journeyman VSAE


Innate Abilities, Weirdness & Mutations

You are a tree.
Your roots penetrate the ground, keeping you stationary.
You cannot be teleported.
You are immune to unholy pain and torment.
Your maximum health is greatly increased.
Your equipment is partially melded.
((You have razor-sharp teeth.))
Your natural rate of healing is unusually fast.
When hurt, damage is shared between your health and your magic reserves.
((Your bite disrupts and absorbs the magic of your enemies.))
Potions cannot restore your health.
((Your skin changes colour to match your surroundings (Stealth+).))
You are weak. (Str -2)
You expend magic power (3 MP) to strengthen your wands.


Message History

Aim: a death knight, wielding a +4 broad axe and wearing a +0 chain mail (almost dead, reflecting injuries, chance to affect: 7%)
Okay, then.
Unknown command.
Aiming: Polymorph
Press: ? - help, Shift-Dir - straight line, f/p - death knight
Aim: a death knight, wielding a +4 broad axe and wearing a +0 chain mail (almost dead, reflecting injuries, will become a glowing orange brain, a guardian serpent, or an elephant, chance to affect: 7%)
Okay, then.
Unknown command.
Casting: Static Discharge (safe; 1% risk of failure)
Confirm with . or Enter, or press ? or * to list all spells.
Okay, then.
Unknown command.
Okay, then.
Unknown command.
The death knight hits you with a +4 broad axe!!
* * * LOW HITPOINT WARNING * * *
Okay, then.
Okay, then.
Okay, then.
Unknown command.
Okay, then.
Okay, then.
Unknown command.
Unknown command.
Press: ? - help, v - describe, . - travel
Here: a death knight, wielding a +4 broad axe and wearing a +0 chain mail (almost dead, reflecting injuries)
The floor.
Unknown command.
Unknown command.
Okay, then.
Unknown command.
Okay, then.
Unknown command.
As you read the scroll of fear, it crumbles to dust.
You assume a fearsome visage.
The death knight resists with almost no effort.
The death knight hits you with a +4 broad axe!
* * * LOW HITPOINT WARNING * * *
The death knight hits you with a +4 broad axe!
You die...

##### ### ##.#.# #.#
#....# #.#
#..#.##############.#
#[.....p♣...........#
##..###############.#
#..................#.#
###..####.#.#.####.#.#####
............####........
#........#.#..........###
#..######...........#.#
#.. #..#.#.######.### #..
#..#.............


You could see a death knight (reflects damage).

Vanquished Creatures
  Rupert (Orc:2)
  A minotaur (shapeshifter) (D:13)
  Josephine (D:13)
  4 boulder beetles
  Fannar (D:10)
  7 hydras
  4 vault guards (D:13)
  A catoblepas (Lair:5)
  An ogre mage (D:10)
  A death yak (Lair:4)
  5 centaur warriors
  8 two-headed ogres
  2 alligators (Lair:5)
  5 orc high priests (Orc:2)
  Sonja (D:13)
  A glowing orange brain (shapeshifter) (D:13)
  4 skeletal warriors (D:13)
  A torturous demonspawn (Orc:2)
  A gelid demonspawn (Orc:2)
  4 bog bodies (Lair:3)
  8 orc knights
  2 phantasmal warriors (D:13)
  A wolf spider (D:11)
  8 orc sorcerers
  A manticore (D:11)
  3 ugly things
  A cyclops (D:13)
  Maurice (D:8)
  12 elephants
  2 black mambas
  An orange demon (Orc:2)
  2 gargoyles
  7 cane toads
  8 komodo dragons
  3 unseen horrors
  2 rime drakes
  2 kobold demonologists
  A hellwing (Orc:2)
  A queen bee (D:10)
  10 trolls
  3 polar bears
  2 tyrant leeches (Lair:5)
  A slime creature (D:13)
  Prince Ribbit (D:7)
  5 blink frogs (Lair:2)
  8 dream sheep (Lair:5)
  8 wraiths
  A ynoxinul (Orc:2)
  Sigmund (D:3)
  A vampire (D:11)
  8 wyverns
  46 yaks
  3 shadows
  2 basilisks
  A neqoxec (Orc:2)
  A chaos spawn (Orc:2)
  2 vampire mosquitoes (D:11)
  2 wargs
  2 swamp worms (Lair:5)
  The ghost of GordonOverkill the Sneak, an amateur DEBr of Okawaru (D:4)
  2 acid dragons
  14 water moccasins
  Duvessa (D:7)
  A floating eye (Lair:1)
  38 orc warriors
  A hornet zombie (D:7)
  4 ice beasts
  2 sky beasts
  2 swamp drakes (Lair:5)
  12 ogres
  20 wolves
  3 centaurs
  4 kobold brigands
  Blork the orc (D:5)
  9 bullfrogs
  A water moccasin zombie (D:6)
  Dowan (D:7)
  A wyvern skeleton (D:7)
  A water moccasin skeleton (D:6)
  17 killer bees (D:10)
  15 wights
  3 howler monkeys
  An electric eel (Lair:3)
  3 centaur zombies
  A lava snake (D:13)
  2 jellies
  25 orc priests
  A hound (D:5)
  A gnoll shaman (D:8)
  5 iguanas
  Jessica (D:2)
  A centaur skeleton (D:7)
  A scorpion zombie (D:5)
  17 orc wizards
  Natasha (thrice) (D:2)
  A killer bee zombie (D:9)
  A hound skeleton (D:4)
  4 gnolls (D:8)
  5 adders
  A howler monkey skeleton (D:7)
  2 shadow imps
  An ufetubus (D:7)
  An adder skeleton (D:4)
  3 worms
  3 dart slugs
  69 orcs
  8 endoplasms
  4 giant cockroaches
  7 goblins
  8 hobgoblins
  22 kobolds
  4 quokkas
  5 ball pythons
  5 bats
  4 frilled lizards
  3 rats (D:1)
605 creatures vanquished.

Vanquished Creatures (collateral kills)
  A cyclops (D:11)
  A yaktaur (D:11)
2 creatures vanquished.

Vanquished Creatures (others)
  A centaur (D:13)
  A howler monkey (D:13)
  23 fungi
  50 plants
75 creatures vanquished.

Grand Total: 682 creatures vanquished

Notes
Turn   | Place    | Note
-------+----------+-------------------------------------------
     0 | D:1      | RepoMan the Vine Stalker Air Elementalist began the quest
                  | for the Orb.
     0 | D:1      | Reached XP level 1. HP: 9/9 MP: 4/4
   147 | D:1      | Found a faded altar of an unknown god.
   207 | D:1      | Reached XP level 2. HP: 7/13 MP: 0/6
   211 | D:1      | Learned a level 2 spell: Static Discharge
   982 | D:2      | Reached XP level 3. HP: 16/16 MP: 1/7
   987 | D:2      | Learned a level 3 spell: Swiftness
  1065 | D:2      | Noticed Jessica
  1074 | D:2      | Killed Jessica
  1242 | D:2      | Reached skill level 4 in Air Magic
  1242 | D:2      | Gained mutation: Your natural rate of healing is unusually
                  | fast. [Vine Stalker growth]
  1242 | D:2      | Reached XP level 4. HP: 21/21 MP: 5/9
  1389 | D:2      | Noticed Natasha
  1398 | D:2      | Killed Natasha
  1528 | D:2      | Found a shimmering altar of Xom.
  1778 | D:2      | Noticed Natasha
  1784 | D:2      | Killed Natasha
  1785 | D:2      | Reached XP level 5. HP: 21/24 MP: 2/10
  1823 | D:2      | Noticed Natasha
  1837 | D:2      | Killed Natasha
  1972 | D:3      | Noticed a sky beast
  2284 | D:3      | Found Jymn's Jewellery Boutique.
  2329 | D:3      | Learned a level 2 spell: Searing Ray
  2329 | D:3      | Noticed Sigmund
  2412 | D:4      | Found a staircase to the Ecumenical Temple.
  2421 | Temple   | Entered the Ecumenical Temple
  2552 | D:4      | Found a runed translucent door.
  2580 | D:4      | Noticed GordonOverkill's ghost (amateur DEBr)
  2584 | D:4      | Found Roetaopn's Magic Scroll Shop.
  2592 | D:4      | Bought a scroll of blinking for 90 gold pieces
  2592 | D:4      | Bought a scroll of noise for 12 gold pieces
  2655 | D:4      | Found a basalt altar of Yredelemnul.
  2683 | D:4      | Found Qaruh's Magic Scroll Boutique.
  2690 | D:4      | Found Veolin's Antique Armour Shoppe.
  2695 | D:4      | Reached skill level 5 in Air Magic
  2736 | D:4      | Noticed an ogre
  2755 | D:4      | Reached XP level 6. HP: 28/28 MP: 2/12
  2974 | D:4      | Found a glowing drain.
  2978 | Sewer    | Entered a sewer
  3017 | Sewer    | Noticed Purgy
  3146 | D:4      | Noticed a sky beast
  3164 | D:4      | Killed a sky beast
  3375 | D:4      | Reached XP level 7. HP: 19/32 MP: 2/14
  3382 | D:4      | Learned a level 4 spell: Airstrike
  3479 | D:4      | HP: 1/32 [orc wizard/puff of flame (12)]
  3595 | D:4      | Reached skill level 6 in Air Magic
  3648 | D:4      | Found Wyuhaarr's Armour Emporium.
  3666 | D:4      | Found Fudec's Fabulous Fripperies.
  4199 | D:4      | Bought a scroll of teleportation for 36 gold pieces
  4199 | D:4      | Bought a scroll of identify for 24 gold pieces
  4199 | D:4      | Bought a scroll of fear for 42 gold pieces
  4224 | D:5      | Entered Level 5 of the Dungeon
  4408 | D:5      | Found a shimmering blue altar of Sif Muna.
  4417 | D:5      | Became a worshipper of Sif Muna the Loreminder
  4660 | D:5      | Noticed Blork the orc
  4666 | D:5      | Killed Blork the orc
  4744 | D:5      | Reached skill level 1 in Shields
  4851 | D:5      | Gained mutation: You have razor-sharp teeth. [Vine Stalker
                  | growth]
  4851 | D:5      | Reached XP level 8. HP: 36/36 MP: 10/16
  5595 | D:6      | Reached skill level 5 in Spellcasting
  6059 | D:6      | Found a bloodstained altar of Trog.
  6289 | D:6      | Reached skill level 7 in Air Magic
  6289 | D:6      | Reached skill level 1 in Invocations
  6546 | D:7      | Reached skill level 5 in Conjurations
  6715 | D:7      | Reached XP level 9. HP: 31/39 MP: 9/18
  7010 | D:7      | Noticed Dowan
  7011 | D:7      | Noticed Duvessa
  7025 | D:7      | Killed Duvessa
  7026 | D:7      | Killed Dowan
  7174 | D:7      | Reached skill level 8 in Air Magic
  7174 | D:7      | Noticed a two-headed ogre
  7277 | D:7      | Killed a two-headed ogre
  7343 | D:7      | Identified the ring "Quako" {Int+6 Dex+2}
  7365 | D:7      | Noticed Prince Ribbit
  7375 | D:7      | Killed Prince Ribbit
  7399 | D:7      | Reached XP level 10. HP: 44/44 MP: 10/21
  7523 | D:7      | Reached * piety under Sif Muna
  7743 | D:7      | Reached skill level 5 in Invocations
  7868 | D:7      | Found Direfal's Antique Armour Shop.
  8175 | D:8      | Found a sparkling altar of Nemelex Xobeh.
  8250 | D:8      | Noticed a purple ugly thing
  8327 | D:8      | Noticed a five-headed hydra
  8327 | D:8      | Noticed a centaur warrior
  8562 | D:8      | Noticed a centaur warrior
  8579 | D:8      | Killed a centaur warrior
  8835 | D:8      | Found a glowing silver altar of Zin.
  9019 | D:8      | Found a hazy altar of Hepliaklqana.
  9117 | D:8      | Noticed Maurice
  9127 | D:8      | Killed Maurice
  9668 | D:9      | Reached XP level 11. HP: 42/47 MP: 18/23
  9669 | D:9      | Reached ** piety under Sif Muna
  9994 | D:9      | Found a staircase to the Lair.
 10046 | Lair:1   | Entered Level 1 of the Lair of Beasts
 10098 | Lair:1   | Reached skill level 9 in Air Magic
 10152 | Lair:2   | Learned a level 1 spell: Apportation
 10179 | Lair:2   | Noticed an oklob plant
 10583 | Lair:4   | Noticed a death yak
 10715 | Lair:5   | Reached skill level 10 in Air Magic
 10776 | Lair:6   | Entered Level 6 of the Lair of Beasts
 10776 | Lair:6   | Noticed a boulder beetle
 10777 | Lair:6   | Noticed a wolf spider
 10812 | Lair:4   | Identified the +3 robe of Dice, Bag, and Bottle {rF- Dex+3}
 10846 | Lair:2   | Reached *** piety under Sif Muna
 10859 | Lair:2   | Reached skill level 1 in Fighting
 10940 | Lair:1   | Noticed an oklob plant
 11018 | Lair:1   | Reached XP level 12. HP: 53/53 MP: 16/25
 11058 | Lair:1   | Noticed a four-headed hydra
 11068 | Lair:1   | Killed a four-headed hydra
 11069 | Lair:1   | Reached skill level 1 in Translocations
 11308 | Lair:1   | Identified the +0 scale mail of Indomitability {+Blink
                  | Str+3 Int-5 Dex+2}
 11448 | Lair:1   | Noticed an eight-headed hydra
 11453 | Lair:1   | Killed an eight-headed hydra
 11549 | Lair:1   | Found a hazy altar of Hepliaklqana.
 11664 | Lair:1   | Gained mutation: You are robust. (+10% HP) [potion of
                  | mutation]
 11664 | Lair:1   | Gained mutation: You are dopey. (Int -2) [potion of
                  | mutation]
 11664 | Lair:1   | Gained mutation: Your skin changes colour to match your
                  | surroundings (Stealth+). [potion of mutation]
 11665 | Lair:1   | Lost mutation: You are robust. (+10% HP) [potion of
                  | mutation]
 11665 | Lair:1   | Lost mutation: You are dopey. (Int -2) [potion of mutation]
 11665 | Lair:1   | Gained mutation: You evolve. [potion of mutation]
 11673 | Lair:2   | Found a staircase to the Snake Pit.
 11710 | Lair:2   | Gained mutation: You expend magic power (3 MP) to
                  | strengthen your wands. [evolution]
 11710 | Lair:2   | Lost mutation: You evolve. [end of evolution]
 11929 | Lair:2   | Identified the +2 leather armour "Inkeco" {Drain Str+2
                  | Dex+4}
 11995 | Lair:2   | Reached skill level 11 in Air Magic
 12366 | Snake:1  | Entered Level 1 of the Snake Pit
 12366 | Snake:1  | Noticed a naga sharpshooter
 12366 | Snake:1  | Noticed a naga sharpshooter
 12546 | Lair:3   | Reached **** piety under Sif Muna
 13194 | Lair:2   | Reached XP level 13. HP: 58/61 MP: 10/27
 13429 | Lair:3   | Reached skill level 12 in Air Magic
 13506 | Lair:3   | Found a staircase to the Swamp.
 14244 | Lair:4   | Reached skill level 10 in Spellcasting
 14992 | Lair:5   | Reached skill level 10 in Invocations
 15891 | Lair:5   | Reached skill level 5 in Dodging
 16012 | Lair:5   | Reached skill level 5 in Fighting
 16026 | Lair:5   | Reached skill level 10 in Conjurations
 16639 | D:4      | Bought a pair of runed boots for 232 gold pieces
 16639 | D:4      | Bought a heavily jewelled robe for 176 gold pieces
 16639 | D:4      | Identified the +1 robe "Xuhyt" {Contam rF+ rN+} (You bought
                  | it in a shop on level 4 of the Dungeon)
 16650 | D:4      | Bought the +2 leather armour "Ruexkueg" {Regen+ Int+4} for
                  | 328 gold pieces
 16767 | D:3      | Killed Sigmund
 16928 | D:4      | Killed GordonOverkill's ghost
 17291 | D:10     | Entered Level 10 of the Dungeon
 17434 | D:10     | Paralysed by an ogre mage for 7 turns
 17444 | D:10     | Reached XP level 14. HP: 68/68 MP: 16/29
 17592 | D:10     | Noticed Fannar
 17608 | D:10     | Killed Fannar
 17609 | D:10     | Reached skill level 13 in Air Magic
 17727 | D:10     | Reached ***** piety under Sif Muna
 18332 | D:4      | Bought a scroll of identify for 22 gold pieces
 18332 | D:4      | Bought a scroll of identify for 22 gold pieces
 18332 | D:4      | Bought a scroll of identify for 22 gold pieces
 18332 | D:4      | Bought a scroll of identify for 22 gold pieces
 18365 | D:4      | Bought a scroll of identify for 24 gold pieces
 18365 | D:4      | Bought a scroll of identify for 24 gold pieces
 18365 | D:4      | Bought a scroll of amnesia for 42 gold pieces
 18366 | D:4      | Identified 2 scrolls of acquirement
 18720 | D:11     | Found a staircase to the Orcish Mines.
 20285 | Orc:1    | Entered Level 1 of the Orcish Mines
 20901 | Orc:2    | Entered Level 2 of the Orcish Mines
 21010 | Orc:2    | Noticed Rupert
 21125 | Orc:2    | Killed Rupert
 21414 | Orc:2    | Received a gift from Sif Muna
 21415 | Orc:2    | Got Xielum's Collected Works on Confrontation {god gift}
 21437 | Orc:2    | Learned a level 3 spell: Mephitic Cloud
 21756 | Orc:2    | Found a transporter.
 21757 | Orc:2    | Noticed RepoMan's ghost (journeyman VSAE)
 21764 | Orc:2    | Found a transporter.
 21818 | Orc:2    | Found Zucuem's General Store.
 22039 | Orc:2    | Found Vief's Magic Scroll Boutique.
 22220 | Orc:2    | Bought a scroll of acquirement for 572 gold pieces
 22896 | Orc:2    | Gained mutation: You are weak. (Str -2) [a neqoxec]
 22898 | Orc:2    | Received a gift from Sif Muna
 22899 | Orc:2    | Got Sif Muna's Disquisition on Floating Clay {god gift}
 22982 | Orc:2    | Reached XP level 15. HP: 71/74 MP: 10/31
 22986 | Orc:2    | Reached skill level 14 in Air Magic
 23350 | Orc:2    | Found Kyasmafe's Antique Armour Shoppe.
 23350 | Orc:2    | Found Ofeyricy's Book Emporium.
 23351 | Orc:2    | Found a one-way gate leading to the halls of Pandemonium.
 23435 | Orc:2    | Found a staircase to the Elven Halls.
 23438 | Orc:2    | Found Dovivyo's Antique Weapon Shoppe.
 23586 | Orc:2    | Acquired the ring of Yesterday {Drain rF+ rC++ Int+4 SInv}
 23594 | Orc:2    | Acquired a scarf of resistance
 23608 | Orc:2    | Acquired 431 gold pieces
 25179 | D:13     | Noticed Sonja
 25183 | D:13     | Killed Sonja
 25226 | D:13     | Noticed Josephine
 25233 | D:13     | Killed Josephine
 25331 | D:13     | Learned a level 2 spell: Poisonous Vapours
 25337 | D:13     | Learned a level 5 spell: Freezing Cloud
 25344 | D:13     | Learned a level 6 spell: Conjure Ball Lightning
 25501 | D:13     | Received a gift from Sif Muna
 25502 | D:13     | Got Huarghik's Collected Works on Feathery Malediction {god
                  | gift}
 25509 | D:13     | Learned a level 5 spell: Lightning Bolt
 26145 | D:13     | Found a gate to the Vaults.
 26563 | D:13     | HP: 3/115 [death knight (9)]
 26564 | D:13     | Mangled by a death knight

Illustrated notes

Levels and vault maps discovered:
D:1:      dpeg_arrival_round_b, layout_basic, ebering_ecumenical_altar_rust
D:2:      layout_loops_ring, basic_altar, uniq_natasha, uniq_jessica
D:3:      layout_rooms, serial_shops, nicolae_shop_waterfront,
          minmay_misc_feat_x, st_stairs_5, uniq_sigmund
D:4:      wad_pebble_path, layout_loops_cross, mainiacjoe_overflow_catwalk,
          minmay_temple_entry_slanted, ebering_ghost_sewer_d, serial_shops,
          shop_scrolls, nicolae_square_shop, nicolae_diamond_shop,
          nicolae_shop_behind_doors, gup_sewer_entry_bowl, st_stairs_6,
          nicolae_alphabet_shops, grunt_ministairs_6, minmay_goblin_kobold_house
D:5:      layout_basic, lemuel_crystal_altar, glass_columns_c,
          uniq_blork_the_orc
D:6:      layout_gridville, mainiacjoe_overflow_alcove_4
D:7:      layout_rooms, serial_shops, nicolae_square_shop, minmay_the_grid_2x2
          [minmay_the_grid_spikes, minmay_the_grid_zigzag_pyramid,
          minmay_the_grid_square_x, minmay_the_grid_prize_diamond_cup],
          uniq_prince_ribbit1, uniq_duvessa
D:8:      lemuel_ice_spiral_2, layout_basic, worldfamousw_hep_ancestral_shrine,
          nemelex_spade_bored_becter, lemuel_round_altar,
          lightli_corner_chamber, uniq_maurice
D:9:      layout_basic, david_lair_shrubbed
D:10:     layout_loops_ring, minivault_7, uniq_fannar
D:11:     hangedman_cross_stitches, layout_small_grid, orc_0_dummy
D:12:     minmay_guarded_unrand_guard, layout_cave_pools
D:13:     layout_basic, lightli_vaults_fourway_checkpoint, minivault_25,
          uniq_sonja, uniq_josephine
Temple:   nicolae_temple_elliptical
Lair:1:   layout_hall_layers, basic_altar, disabler_island,
          infiniplex_staircase_pool_2, lemuel_fruit_fields
Lair:2:   layout_gridlike, dummy_snake_entry, minmay_lair_oklob_chamber,
          grunt_megastairs_1
Lair:3:   layout_misc_corridors, nicolae_swamp_entry_splash_gauntlet,
          beast_lair_carwin_1
Lair:4:   layout_misc_corridors, beast_lair_carwin_7
Lair:5:   onia_ninara_swampy_vault, layout_cave_shapes,
          chequers_serial_rivers_small_3
Lair:6:   minmay_lair_end_frog_pond, layout_regular_city,
          nicolae_slime_entry_slimehenge, uniq_nessos
Snake:1:  layout_grid_shapes, fake_guardian_serpent_vault
Orc:1:    layout_caves
Orc:2:    pf_orc_diabolical, layout_caves, basic_altar, gammafunk_ghost_smash,
          serial_shops, shop, mines1_david, uniq_rupert

Skill      XL: |  1  2  3  4  5  6  7  8  9 10 11 12 13 14 15 |
---------------+----------------------------------------------+-----
Air Magic      | 4 5 6 7 8 10 11 12 13 14 | 14.9
Conjurations   | 2 3 4 5 6 7 8 9 10 11 | 11.5
Spellcasting   | 3 4 5 6 7 8 9 10 11 | 11.7
Shields        | 1 4 |  4.0
Invocations    | 2 4 8 9 10 11 | 11.7
Fighting       | 1 3 5 6 7 |  7.6
Dodging        | 2 4 5 6 7 |  7.2
Translocations | 2 |  2.3
Stealth        | |  2.4

Action                   |  1- 3 |  4- 6 |  7- 9 | 10-12 | 13-15 || total
-------------------------+-------+-------+-------+-------+-------++-------
Melee: Unarmed           |     2 |       |       |       |       ||     2
       War axe           |     1 |    18 |     3 |       |       ||    22
       Bite              |       |     3 |    10 |     9 |    41 ||    63
       Short sword       |       |       |    23 |     1 |       ||    24
       Long sword        |       |       |       |    16 |    70 ||    86
Throw: Throwing net      |       |     1 |     4 |     1 |       ||     6
 Cast: Shock             |    50 |    96 |   144 |   110 |   126 ||   526
       Static Discharge  |       |     2 |     5 |    20 |    95 ||   122
       Searing Ray       |       |     2 |     5 |    76 |    97 ||   180
       Swiftness         |       |     1 |     1 |       |     2 ||     4
       Airstrike         |       |       |       |    67 |   290 ||   357
       Apportation       |       |       |       |     8 |     4 ||    12
       Mephitic Cloud    |       |       |       |       |    21 ||    21
       Shadow Creatures  |       |       |       |       |     1 ||     1
       Poisonous Vapours |       |       |       |       |     8 ||     8
       Lightning Bolt    |       |       |       |       |     4 ||     4
       Freezing Cloud    |       |       |       |       |     1 ||     1
       Chain Lightning   |       |       |       |       |     1 ||     1
Invok: Channel Magic     |       |       |       |     2 |    12 ||    14
       Divine Exegesis   |       |       |       |       |     2 ||     2
Evoke: Wand              |       |       |    18 |    19 |    39 ||    76
  Use: Scroll            |       |       |     3 |    14 |    18 ||    35
       Potion            |       |       |       |     5 |     4 ||     9
 Stab: Sleeping          |     2 |       |     1 |       |     1 ||     4
       Held in net/web   |       |       |     3 |       |       ||     3
       Paralysed         |       |       |     6 |     7 |     5 ||    18
       Confused          |       |       |       |       |     7 ||     7
Armor: Robe              |     1 |     5 |     4 |       |       ||    10
       Ring mail         |       |       |    35 |   133 |    26 ||   194
       Skin              |       |       |       |     3 |     1 ||     4
       Leather armour    |       |       |       |       |    54 ||    54
Dodge: Dodged            |    10 |    29 |    38 |   126 |   170 ||   373
Block: Other             |       |    15 |     5 |       |       ||    20
       Reflection        |       |     2 |     1 |     1 |     6 ||    10
       Buckler           |       |       |    35 |    66 |   126 ||   227
       Rpst.: Long sword |       |       |       |    34 |    40 ||    74
